 Dungeon Crawl Stone Soup version 0.16-a0-305-g9782ec1 (webtiles) character file.

7574 Aneto the Basher (level 11, -4/67 HPs)
             Began as a Gargoyle Fighter on Aug 30, 2014.
             Was an Elder of Okawaru.
             Slain by an orc
             ... wielding a +0 mace of distortion
              (14 damage)
             ... on Level 9 of the Dungeon.
             The game lasted 01:41:22 (14402 turns).

Aneto the Basher (Gargoyle Fighter)                Turns: 14402, Time: 01:41:22

HP  -4/67        AC 34     Str 22      XL: 11   Next: 17%
MP  14/14        EV  5     Int 10      God: Okawaru [****..]
Gold 1097        SH 11     Dex  9      Spells:  0 memorised, 10 levels left

rFire  . . .     SeeInvis .     C - +0 mace (protect)
rCold  . . .     Clarity  .     a - +3 plate armour
rNeg   + . .     rCorr    .     c - +0 shield
rPois  +         rRot     +     t - +0 helmet
rElec  +         Spirit   .     G - +0 cloak
SustAb .         Warding  .     (no gloves)
rMut   .         Stasis   .     F - +2 pair of boots
Gourm  .                        (no amulet)
MR     +....                    (no ring)
                                y - ring of protection from magic

@: drained, somewhat resistant to hostile enchantments, extremely unstealthy
A: negative energy resistance 1, electricity resistance, unbreathing,
petrification resistance, rot immunity, AC +7
a: Heroism, Renounce Religion


You were on level 9 of the Dungeon.
You worshipped Okawaru.
Okawaru was greatly pleased with you.
You were not hungry.

You visited 4 branches of the dungeon, and saw 16 of its levels.

You collected 1097 gold pieces.

Inventory:

Hand weapons
 C - a +0 mace of protection (weapon)
 K - a +0 mace of holy wrath
Missiles
 B - 23 silver sling bullets
Armour
 a - a +3 plate armour (worn)
 c - a +0 shield (worn)
 t - a +0 helmet (worn)
 F - a +2 pair of boots (worn)
 G - a +0 cloak (worn)
Magical devices
 e - a wand of digging (0)
 D - a wand of disintegration (7)
 J - a wand of digging (9)
Comestibles
 d - 5 bread rations
 l - 7 meat rations
 m - a royal jelly
Scrolls
 g - a scroll of remove curse
 h - a scroll of noise
 i - a scroll of teleportation
 j - a scroll of blinking
 o - 6 scrolls of identify
 r - a scroll of magic mapping
 w - a scroll of fog
 A - a scroll of silence {unknown}
 E - a scroll of recharging {unknown}
 I - a scroll of enchant weapon {unknown}
Jewellery
 p - an uncursed ring of teleportation
 y - a ring of protection from magic (left hand)
Potions
 k - 2 potions of resistance
 n - 8 potions of agility
 q - a potion of invisibility
 s - 2 potions of haste
 u - a potion of curing
 v - 2 potions of lignification
 x - a potion of cancellation
 H - a potion of might
Books
 f - a book of Conjurations

   Spells                             Type                      Level
   Magic Dart                         Conjuration                  1
   Searing Ray                        Conjuration                  2
   Dazzling Spray                     Conjuration/Hexes            3
   Fulminant Prism                    Conjuration/Hexes            4
   Iskenderun's Mystic Blast          Conjuration                  4
   Iskenderun's Battlesphere          Conjuration/Charms           5


   Skills:
 - Level 7.0(6.9) Fighting
 - Level 12.0(11.9) Maces & Flails
 - Level 7.2(7.1) Armour
 * Level 9.4(9.3) Shields
 - Level 2.1 Invocations
 - Level 2.1(2.0) Evocations


You had 10 spell levels left.
You didn't know any spells.

Dungeon Overview and Level Annotations

Branches:
Dungeon (10/15)            Temple (1/1) D:5             Orc (4/4) D:9
    Elf (1/3) Orc:3
   Lair: D:8-11

Altars:
Ashenzari
Cheibriados
Dithmenos
Elyvilon
Fedhas
Gozag
Kikubaaqudgha
Makhleb
Nemelex Xobeh
Okawaru
Qazlal
Sif Muna
Trog
Vehumet
Xom
Yredelemnul
Zin
The Shining One

Shops:
D:5 (   D:6 (   D:7 [   Orc:1 [(   Orc:3 :   Orc:4 [

Annotations:
D:4 Blork the orc
D:9 Zgarb's ghost, experienced GrFi
Orc:3 Fannar
Orc:4 Josephine


Innate Abilities, Weirdness & Mutations

You are resistant to torment.
You are immune to poison.
Your stone body is very resilient (AC +7).
You resist negative energy.
You are resistant to electric shocks.
You can survive without breathing.
You are immune to petrification.
You are immune to rotting.


Message History

Okawaru accepts your kill.
You hit the orc.
The orc is heavily wounded.
You block the orc's attack. The orc hits you but does no damage.
Space warps horribly around you!
* * * LOW HITPOINT WARNING * * *
You are too injured to fight recklessly!
You are too injured to fight recklessly!
You are too injured to fight recklessly!
You are too injured to fight recklessly!
You closely miss the orc.
The orc is heavily wounded.
The orc hits you but does no damage. You block the orc's attack.
You hit the orc but do no damage.
The orc is heavily wounded.
The orc barely misses you.
You hit the orc but do no damage.
The orc is heavily wounded.
The orc hits you but does no damage. Space warps horribly around you!
You die...

#.........#
.#.....###.(
#.........#
#.##.....(..#
######....#
#....#.#.#..#
#....##
####.......##
#.....#
#.#.#.#.##
#...#.#
#........#
#...#.#
#.#.#.#..#
#.#.#.#
#........#
#.#.#@#
###......)
#.#.#o#
########
#.#o# #.#o#
..#.#
#########
##.#.#
#........
#...#
#.####### ###
#.# #.#


You could see 3 orcs.

Vanquished Creatures
  Grinder (D:3)
  2 trolls
  Prince Ribbit (D:8)
  6 yaks (D:9)
  2 wolves (Orc:1)
  2 hungry ghosts
  Grum (Orc:1)
  2 hippogriffs
  2 wargs
  A sky beast (D:7)
  4 ogres
  10 orc warriors
  A centaur (D:9)
  Sigmund (D:2)
  A big kobold (D:9)
  A crocodile (D:8)
  5 giant frogs
  3 scorpions
  5 hounds
  2 crimson imps
  2 jellies
  18 orc priests
  A centaur skeleton (D:9)
  3 iguanas
  7 worker ants
  31 orc wizards
  14 adders
  A shadow imp (D:9)
  10 gnolls
  An inept item mimic (D:8)
  5 worms
  2 giant geckos (D:7)
  132 orcs
  6 giant cockroaches
  13 goblins
  12 hobgoblins
  14 bats
  A giant gecko skeleton (D:5)
  5 giant newts
  A goblin skeleton (D:4)
  2 jackals (D:5)
  22 kobolds
  An orc simulacrum (Orc:4)
  14 rats
  3 ballistomycetes (D:8)
374 creatures vanquished.

Vanquished Creatures (others)
  A water moccasin (D:8)
  2 orc wizards
  2 giant spores (D:8)
5 creatures vanquished.

Grand Total: 379 creatures vanquished

Notes
Turn   | Place    | Note
--------------------------------------------------------------
     0 | D:1      | Aneto, the Gargoyle Fighter, began the quest for the Orb.
     0 | D:1      | Reached XP level 1. HP: 14/14 MP: 1/1
    85 | D:1      | Found a glowing golden altar of the Shining One.
   196 | D:1      | Reached XP level 2. HP: 16/19 MP: 2/2
   832 | D:2      | Reached XP level 3. HP: 19/23 MP: 3/3
  1068 | D:2      | Noticed Sigmund
  1268 | D:2      | Killed Sigmund
  1268 | D:2      | Reached skill level 5 in Maces & Flails
  1268 | D:2      | Reached XP level 4. HP: 28/28 MP: 4/4
  1268 | D:2      | Reached XP level 5. HP: 32/32 MP: 5/5
  2370 | D:3      | Noticed Grinder
  2370 | D:3      | Paralysed by Grinder for 3 turns
  2377 | D:3      | Paralysed by Grinder for 7 turns
  2390 | D:3      | Killed Grinder
  2390 | D:3      | Reached skill level 7 in Maces & Flails
  2390 | D:3      | Reached XP level 6. HP: 20/37 MP: 6/6
  2708 | D:3      | Reached XP level 7. HP: 41/41 MP: 7/7
  3631 | D:4      | Noticed Blork the orc
  4002 | D:4      | Reached skill level 8 in Maces & Flails
  4112 | D:5      | Entered Level 5 of the Dungeon
  4352 | D:5      | Found Eran's Weapon Emporium.
  4628 | D:5      | Found a staircase to the Ecumenical Temple.
  5242 | Temple   | Entered the Ecumenical Temple
  5377 | Temple   | Became a worshipper of Warmaster Okawaru
  5441 | D:6      | Reached skill level 9 in Maces & Flails
  5441 | D:6      | Reached XP level 8. HP: 46/46 MP: 8/8
  5801 | D:6      | Reached skill level 5 in Shields
  5892 | D:6      | Found Blamol's Antique Weapon Shoppe.
  6166 | D:6      | Acquired Okawaru's first power
  6894 | D:7      | Found Win Onag's Antique Armour Shop.
  6908 | D:7      | Reached XP level 9. HP: 38/51 MP: 9/9
  7223 | D:7      | Reached skill level 5 in Fighting
  7966 | D:8      | Noticed Prince Ribbit
  7985 | D:8      | Killed Prince Ribbit
  8928 | D:9      | Found a staircase to the Orcish Mines.
  9114 | D:9      | Reached skill level 10 in Maces & Flails
  9422 | D:9      | Reached XP level 10. HP: 50/61 MP: 10/10
  9430 | D:9      | Reached skill level 11 in Maces & Flails
  9830 | D:9      | Noticed Zgarb's ghost (experienced GrFi)
 10096 | D:10     | Entered Level 10 of the Dungeon
 10122 | D:9      | Reached skill level 12 in Maces & Flails
 10133 | Orc:1    | Entered Level 1 of the Orcish Mines
 10133 | Orc:1    | Found Timodo's Armour Boutique.
 10350 | Orc:1    | Found Byney's Antique Weapon Shop.
 10452 | Orc:1    | Noticed Grum
 10473 | Orc:1    | Killed Grum
 10843 | Orc:1    | Reached skill level 5 in Armour
 11923 | Orc:3    | Found a shimmering altar of Xom.
 11924 | Orc:3    | Found a staircase to the Elven Halls.
 12096 | Orc:3    | Found Cuanweut's Book Shoppe.
 12295 | Orc:3    | Noticed Fannar
 12567 | Orc:3    | Reached skill level 1 in Evocations
 12855 | Elf:1    | Entered Level 1 of the Elven Halls
 12941 | Orc:4    | Entered Level 4 of the Orcish Mines
 12994 | Orc:4    | Reached XP level 11. HP: 55/67 MP: 12/14
 13114 | Orc:4    | Reached skill level 1 in Invocations
 13630 | Orc:4    | Found Maczus' Armour Boutique.
 13645 | Orc:4    | Noticed Josephine
 14402 | D:9      | Slain by an orc

Action                   |  1- 3 |  4- 6 |  7- 9 | 10-12 || total
-------------------------+-------+-------+-------+-------++-------
Melee: Flail             |    98 |   117 |   292 |       ||   507
       Mace              |       |       |   508 |   956 ||  1464
Invok: Heroism           |       |       |     2 |     1 ||     3
Evoke: Wand              |       |       |       |     2 ||     2
  Use: Potion            |     1 |       |     6 |       ||     7
       Scroll            |       |       |     8 |     7 ||    15
  Eat: Chunk             |       |     6 |    18 |    15 ||    39
       Bread ration      |       |       |     1 |     1 ||     2
